 Dungeon Crawl Stone Soup version 0.31-a0-940-gdaa99269f9 (webtiles) character file.

Game seed: 15128846859882110549

2340 p00ps00p the Cleaver (level 9, -6/67 (81) HPs)
             Began as a Hill Orc Fighter on Oct 21, 2023.
             Was an Initiate of Gozag.
             Killed from afar by Jeremiah (17 damage)
             ... with a bolt of dispelling energy
             ... on level 7 of the Dungeon.
             The game lasted 00:12:20 (5939 turns).

p00ps00p the Cleaver (Hill Orc Fighter)             Turns: 5939, Time: 00:12:20

HP:   -6/67 (81)    AC: 13    Str: 23    XL:     9   Next: 43%
MP:   9/9           EV:  8    Int: 14    God:    Gozag
Gold: 311           SH:  5    Dex: 10    Spells: 8/8 levels left

rFire   . . .        a - +2 war axe (flame)
rCold   + . .        c - +0 buckler
rNeg    . . .        e - +0 chain mail
rPois   .            k - +0 helmet
rElec   .            (no cloak)
rCorr   .            o - +0 pair of gloves
SInv    .            (no boots)
Will    .....        (no amulet) Stlth
                     q - ring of protection from cold
HPRegen 0.31/turn    t - +6 ring of intelligence
MPRegen 0.11/turn

%: no passive effects
@: heavily drained
A: no striking features
a: Renounce Religion, Potion Petition, Call Merchant, Bribe Branch


You were on level 7 of the Dungeon.
You worshipped Gozag.
Gozag was aware of your devotion.
You visited 2 branches of the dungeon, and saw 8 of its levels.

You collected 389 gold pieces.
You paid 78 gold pieces to Gozag.

Inventory:

Hand Weapons
 a - a +2 war axe of flaming (weapon)
 n - a +0 battleaxe
Missiles
 b - 7 poisoned darts
Armour
 c - a +0 buckler (worn)
 e - a +0 chain mail (worn)
 k - a +0 helmet (worn)
 o - a +0 pair of gloves (worn)
Jewellery
 q - a ring of protection from cold (left hand)
 t - a +6 ring of intelligence (right hand)
Wands
 g - a wand of flame (10)
Scrolls
 h - 2 scrolls of noise
Potions
 d - a potion of curing
 f - a potion of heal wounds
 i - a potion of cancellation
 j - a potion of haste
 l - a potion of mutation
 m - a potion of enlightenment {unknown}
 r - a potion of attraction
 s - a potion of might


   Skills:
 + Level 8.2 Fighting
 + Level 8.5 Axes
 + Level 7.5 Armour
 + Level 7.5 Shields


You had 8 spell levels left.
You didn't know any spells.
Your spell library contained the following spells:

 Spells                   Type           Power      Damage    Failure   Level
 Magic Dart               Conj           0%         1d3       86%         1
 Summon Small Mammal      Summ           0%         N/A       86%         1
 Cigotuvi's Dreadful Rot  Necr/Pois/Air  0%         N/A       95%         2
 Searing Ray              Conj           0%         2d4       95%         2
 Call Canine Familiar     Summ           0%         N/A       99%         3
 Ignite Poison            Fire/Tmut/Pois 0%         N/A       99%         3
 Summon Guardian Golem    Hex/Summ       0%         N/A       99%         3
 Fulminant Prism          Conj/Hex       0%         3d5       100%        4
 Leda's Liquefaction      Hex/Erth       0%         N/A       100%        4
 Freezing Cloud           Conj/Ice/Air   0%         6-21      100%        5
 Lee's Rapid Deconstruct  Erth           0%         3d4*      100%        5
 Bombard                  Conj/Erth      0%         9d1       100%        6


Dungeon Overview and Level Annotations

Branches:
Dungeon (7/15)             Temple (1/1) D:6

Altars:
Ashenzari
Cheibriados
Dithmenos
Elyvilon
Fedhas
Gozag
Hepliaklqana
Kikubaaqudgha
Makhleb
Nemelex Xobeh
Okawaru
Qazlal
Ru
Sif Muna
Trog
Uskayaw
Wu Jian
Xom
Yredelemnul
Zin
The Shining One

Shops:
D:1 (!::   D:5 :   D:6 =

Annotations:
D:7 Jeremiah


Message History

Look: Jeremiah, wielding a +3 trident of draining, wearing a +0 robe, wearing an orb of guile and carrying a wand of quicksilver (severely wounded, chance to affect: 99%)
As you read the scroll of fear, it crumbles to dust.
You assume a fearsome visage.
Jeremiah looks frightened!
The butterfly looks frightened! x5
Cornered, the butterfly turns to fight! x3
You barely miss the butterfly. You hit the butterfly. You burn the butterfly.
You kill the butterfly!
The butterfly disappears in a burst of colours!
You hit the butterfly. You burn the butterfly.
You kill the butterfly!
The butterfly disappears in a burst of colours!
Cornered, the butterfly turns to fight!
Cornered, Jeremiah turns to fight!
You slash the butterfly! You burn the butterfly.
You kill the butterfly!
The butterfly disappears in a burst of colours!
You hit the butterfly. You burn the butterfly.
You kill the butterfly!
The butterfly disappears in a burst of colours!
You closely miss the butterfly.
Jeremiah zaps a wand.
The bolt of dispelling energy hits the butterfly!
The butterfly dies!
The butterfly disappears in a burst of colours!
The bolt of dispelling energy misses you.
You hit the butterfly. You burn the butterfly.
You kill the butterfly!
The butterfly disappears in a burst of colours!
You hit the butterfly. You burn the butterfly.
You kill the butterfly!
The butterfly disappears in a burst of colours!
You hit the butterfly. You burn the butterfly.
You kill the butterfly!
The butterfly disappears in a burst of colours!
Jeremiah zaps a wand.
The bolt of dispelling energy hits the butterfly!!
The butterfly dies!
The butterfly disappears in a burst of colours!
The bolt of dispelling energy hits you!
You die...
Jeremiah asks, "What happened?
Did... did you die?"
Your body crumbles into a pile of gold.

######
#.bF<#
#.#.b#
#.#@.#
#.####
#. ##


You could see Jeremiah.

Vanquished Creatures
  Pikel (D:4)
  A steam dragon (D:6)
  Menkaure (D:4)
  2 water moccasins
  A black bear (D:6)
  3 ogres
  A lemure (D:3)
  2 scorpions
  2 bullfrogs (D:6)
  A gnoll sergeant (D:4)
  6 killer bees (D:6)
  3 hounds
  A jelly (D:5)
  5 iguanas
  A sleepcap (D:4)
  5 gnolls
  9 adders
  A shadow imp (D:6)
  4 ufetubi
  A worm (D:5)
  3 dart slugs
  5 orcs
  6 ball pythons
  5 endoplasms
  4 giant cockroaches
  2 goblins (D:1)
  4 hobgoblins
  8 jackals
  4 quokkas
  A bat (D:3)
  2 frilled lizards (D:3)
  10 kobolds
  4 rats
109 creatures vanquished.

Notes
Turn   | Place    | Note
-------+----------+-------------------------------------------
     0 | D:1      | p00ps00p the Hill Orc Fighter began the quest for the Orb.
     0 | D:1      | Reached XP level 1. HP: 19/19 MP: 1/1
   169 | D:1      | Reached XP level 2. HP: 25/27 MP: 2/2
   186 | D:1      | Noticed a walking crystal tome
   189 | D:1      | Found Tonowoinn's Book Shoppe.
   191 | D:1      | Noticed a walking earthen tome
   515 | D:1      | Found Coc Teh's Distillery.
   524 | D:1      | Reached XP level 3. HP: 33/33 MP: 3/3
   549 | D:1      | Found Qeommi's Weapon Shop.
   622 | D:1      | Found Faridahisk's Book Shoppe.
   915 | D:2      | Found a shimmering altar of Xom.
  1195 | D:2      | Found a faded altar of an unknown god.
  1536 | D:2      | Reached XP level 4. HP: 40/40 MP: 4/4
  2242 | D:4      | Reached XP level 5. HP: 45/47 MP: 5/5
  2246 | D:4      | Found a bloodstained altar of Trog.
  2247 | D:4      | Found an iron altar of Okawaru.
  2247 | D:4      | Found a sacrificial altar of Ru.
  2248 | D:4      | Found an ornate altar of the Wu Jian Council.
  2267 | D:4      | Noticed a lemure
  2267 | D:4      | Noticed a lemure
  2268 | D:4      | Noticed Pikel
  2269 | D:4      | Noticed a lemure
  2272 | D:4      | Noticed a lemure
  2277 | D:4      | HP: 2/47 [Pikel/+0 whip of freezing (2)]
  2294 | D:3      | Killed a lemure
  2747 | D:4      | Noticed an ogre
  2753 | D:4      | Killed an ogre
  2754 | D:4      | Reached skill level 5 in Fighting
  2754 | D:4      | Reached XP level 6. HP: 30/56 MP: 6/6
  2779 | D:4      | Noticed Menkaure
  2786 | D:4      | Killed Menkaure
  2787 | D:4      | Reached skill level 5 in Axes
  2801 | D:4      | Killed Pikel
  2802 | D:4      | Reached skill level 5 in Armour
  2802 | D:4      | Reached skill level 5 in Shields
  2802 | D:4      | Reached XP level 7. HP: 20/63 MP: 7/7
  2945 | D:4      | Reached XP level 8. HP: 31/71 MP: 8/8
  3548 | D:5      | Entered Level 5 of the Dungeon
  3842 | D:5      | Found Roery's Book Shoppe.
  4467 | D:6      | Found a staircase to the Ecumenical Temple.
  4474 | D:6      | HP: 2/73 [steam dragon (9)]
  4525 | Temple   | Entered the Ecumenical Temple
  4533 | Temple   | Became a worshipper of Gozag Ym Sagoz the Greedy
  5003 | D:6      | Reached XP level 9. HP: 74/79 MP: 9/9
  5723 | D:6      | Found Juweturphom's Jewellery Boutique.
  5912 | D:7      | Identified the "Derun"
  5912 | D:7      | Identified the "Duohiet"
  5912 | D:7      | Noticed Jeremiah
  5933 | D:7      | HP: 2/70 [Jeremiah/+3 trident of draining (2)]
  5939 | D:7      | Killed from afar by Jeremiah

Illustrated notes

Levels and vault maps discovered:
D:1:      onia_arrival_mini_maze, layout_loops_ring, serial_shops,
          nicolae_shop_rolling_square, nicolae_lakefront_shop,
          nicolae_shop_temple_entry_statues_fountains, nicolae_shop_mannequins,
          hangedman_decor_diamond_cutter
D:2:      layout_basic, basic_altar, hellmonk_ecumenical_altar_inner_sanctum,
          roderic_serpentine_path, kennysheep_cluttered_room
D:3:      layout_basic
D:4:      layout_rooms, chequers_temple_overflow_statue_of_worship,
          gup_sewer_entry_glass, nicolae_hexahallways, serial_bayou_pond_e,
          uniq_menkaure, uniq_pikel
D:5:      layout_loops_ring, serial_shops, nicolae_shop_crystal,
          kennysheep_boxes
D:6:      layout_rooms, minmay_temple_entry_statues_pillars,
          kennysheep_windowed_goal
D:7:      layout_basic, vehumet_altar_wand_db, enter_bailey_5,
          chequers_serial_rivers_small_b, kennysheep_generic_room_10,
          uniq_jeremiah
Temple:   nicolae_temple_bog_church

Skill      XL: |  1  2  3  4  5  6  7  8  9 |
---------------+----------------------------+-----
Axes           | 3 4 6 7 8 |  8.5
Fighting       | 4 5 6 7 8 |  8.2
Shields        | 4 5 6 7 |  7.5
Armour         | 4 5 6 7 |  7.5

Action                     |  1- 3 |  4- 6 |  7- 9 || total
---------------------------+-------+-------+-------++-------
  Melee: War axe           |   101 |    80 |   166 ||   347
    Use: Scroll            |       |     9 |     7 ||    16
         Potion            |       |     3 |     5 ||     8
   Stab: Distracted        |       |       |     2 ||     2
 Armour: Scale mail        |    11 |       |       ||    11
         Chain mail        |    64 |    83 |   178 ||   325
  Dodge: Dodged            |    33 |    29 |    88 ||   150
  Block: Buckler           |    20 |    14 |    54 ||    88

Table legend: (Time is in decaauts)
 A = Elapsed time spent in this place.
 B = Non-inter-level travel time spent in this place.
 C = Inter-level travel time spent in this place.
 D = Time resting spent in this place.
 E = Time spent auto-exploring this place.
 F = Levels seen in this place.
 G = Mean time per level.
                   A        B        C        D        E       F      G
               +--------+--------+--------+--------+--------+-----+--------+
         Total |   6028 |   5822 |    206 |   1414 |   3249 |   8 |  753.5 |
       Dungeon |   5587 |   5389 |    198 |    994 |   3249 |   7 |  798.1 |
        Temple |    441 |    433 |      8 |    420 |      0 |   1 |  441.0 |
               +--------+--------+--------+--------+--------+-----+--------+

Top non-repeatable levels by time:
     D:6: 1186 daAuts
     D:3: 1080 daAuts
     D:1: 932 daAuts
     D:4: 875 daAuts
     D:5: 756 daAuts
     D:2: 726 daAuts
  Temple: 441 daAuts
     D:7: 28 daAuts
